 Dungeon Crawl Stone Soup version 0.21.1-1-g345015fe64 (webtiles) character file.

25 Htamos the Magician (level 3, -5/24 HPs)
             Began as an Octopode Wizard on July 16, 2018.
             Killed by a distortion unwield (29 damage)
             ... on level 1 of the Dungeon.
             The game lasted 00:02:39 (1638 turns).

Htamos the Magician (Octopode Wizard)               Turns: 1638, Time: 00:02:40

Health: -5/24      AC:  1    Str:  6    XL:     3   Next: 6%
Magic:  8/8        EV: 12    Int: 21    God:
Gold:   60         SH:  4    Dex: 10    Spells: 8/9 levels left

rFire    . . .     SeeInvis .   (no weapon)
rCold    . . .     Gourm    .   m - +1 buckler
rNeg     . . .     Faith    .   a - +0 hat
rPois    .         Spirit   .   (no amulet)
rElec    .         Reflect  .   (no ring)
rCorr    .         Harm     .   (no ring)
MR       .....                  (no ring)
Stlth    +++.......             (no ring)
HPRegen  0.08/turn              (no ring)
MPRegen  0.11/turn              (no ring)
                                (no ring)
                                (no ring)

@: no status effects
A: almost no armour, stealthy swim, amphibious, 8 rings, constrict 8, camouflage
1, gelatinous body 1
a: no special abilities


You were on level 1 of the Dungeon.
You were not hungry.

You visited 1 branch of the dungeon, and saw 2 of its levels.

You collected 60 gold pieces.

Inventory:

Hand Weapons
 h - a +0 spear
 i - a +0 dagger
 n - a +2 spear of distortion
Missiles
 e - 30 stones (quivered)
Armour
 a - a +0 hat (worn)
 m - a +1 buckler (worn)
Scrolls
 j - 2 scrolls of teleportation {unknown}
 l - a scroll of noise {unknown}
 o - a scroll of remove curse {unknown}
Potions
 d - a potion of might {unknown}
 f - a potion of haste {unknown}
 g - a potion of heal wounds {unknown}
 k - a potion of curing {unknown}
Books
 b - a book of Minor Magic

   Spells                             Type                      Level
   a - Magic Dart                     Conjuration                  1
   b - Blink                          Translocation                2
   c - Call Imp                       Summoning                    2
   d - Slow                           Hexes                        2
   e - Conjure Flame                  Conjuration/Fire             3
   f - Mephitic Cloud                 Conjuration/Poison/Air       3
Comestibles
 c - 2 rations


   Skills:
 + Level 1.6 Fighting
 - Level 2.0 Dodging
 - Level 2.6 Stealth
 - Level 0.1 Unarmed Combat
 + Level 3.5 Spellcasting
 - Level 1.0 Conjurations
   Level 1.0 Summonings
   Level 1.0 Translocations


You had 8 spell levels left.
You knew the following spells:

 Your Spells              Type           Power        Failure   Level  Hunger
a - Magic Dart            Conj           #...         14%         1    None


Dungeon Overview and Level Annotations

Branches:
Dungeon (2/15)

Altars:


Innate Abilities, Weirdness & Mutations

You cannot wear most types of armour.
You are very stealthy in the water. (Stealth+)
You are amphibious.
You can wear up to eight rings at the same time.
You can use your tentacles to constrict eight enemies at once.
Your skin changes colour to match your surroundings (Stealth+).
Your rubbery body absorbs attacks. (AC +1, EV +1)


Message History

This raw flesh tastes terrible.
You open the door.
There is an open door here.
You see here a spear.
There is an open door here.
There is an open door here.
You open the door.
There is an open door here.
HP restored.
There is an open door, spattered with blood here.
You see here a club.
There is an open door here.
There is an open door here.
You see here a spear.
h - a spear Wield which item (- for none, * to show all)? (? for menu, Esc to quit)
Really unwield
n - a +2 spear of distortion?
You are crushed and pinned by an extremely strong localised spatial distortion!
Ouch! That really hurt!
You die...

##.≈P≈P≈.##.# #.PP.PP###.#
####.###### #.# #........# #.#
#.######.# ##.## #.## #.###...#
####..#####.##..... ##########
###.)#..##...(..#.÷.# .........#
#.'.@#..##.##.#...... ########.#
#.####..##.##.####.## #####.#
#.##..........# #.# #.....#
#.....#.####### ##'## #.#####
####..#.# ##...# # #.### #....##
##..... ## #.#.## ##.##.##
##......
.###....#########.#...####.......
.'.......................'.......


There were no monsters in sight!

Vanquished Creatures
  2 dart slugs
  A leopard gecko (D:2)
  3 bats
  A giant cockroach (D:1)
  A goblin (D:1)
  5 hobgoblins (D:1)
  2 frilled lizards (D:1)
  2 kobolds (D:1)
  2 rats (D:1)
19 creatures vanquished.

Notes
Turn   | Place    | Note
-------+----------+-------------------------------------------
     0 | D:1      | Htamos the Octopode Wizard began the quest for the Orb.
     0 | D:1      | Reached XP level 1. HP: 11/11 MP: 4/4
   406 | D:1      | Reached skill level 1 in Fighting
   406 | D:1      | Reached XP level 2. HP: 16/18 MP: 4/6
  1503 | D:2      | Reached XP level 3. HP: 18/23 MP: 7/7
  1638 | D:1      | Killed by a distortion unwield

Skill      XL: |  1 |
---------------+----+-----
Fighting       | 1 |  1.6
Dodging        | |  2.0
Stealth        | |  2.6
Unarmed Combat | |  0.1
Spellcasting   | |  3.5
Conjurations   | |  1.0
Summonings     | |  1.0
Translocations | |  1.0

Action                   || total
-------------------------++-------
Melee: Unarmed           ||    11
       Constrict         ||     7
       Dagger            ||     9
       Tentacles         ||     2
       Spear             ||     6
 Cast: Magic Dart        ||    27
  Use: Scroll            ||     1
 Stab: Sleeping          ||     5
  Eat: Chunk             ||     2
Armor: Skin              ||     2
Dodge: Dodged            ||     8
